Map: [ESL] Site Delta

Players

MaxPax - Winner!

  • Race: Protoss Protoss
  • Spawn Location: 11:00

Wayne

  • Race: Zerg Zerg
  • Spawn Location: 5:00

Event: ESL SC2 Masters 2023 Winter (Regional)

VOD

Have the link to the VOD?

Description

Time

  • Played on: Nov. 16, 2023, 12:55 p.m.
  • Length: 10:59

All games in this series

Show
View Real Time Build Order
Export as new Build Order

MaxPax Protoss - Winner!

Build Orders: 1 Gate Expand, Oracle Opening, Zealot Archon 

Get SALT Encoding   

  12  0:00  Probe  
  13  0:12  Probe  
  14  0:19  Pylon  
  14  0:24  Probe  
  15  0:38  Probe (Chrono Boost)  
  15  0:40  Gateway  
  16  0:46  Probe (Chrono Boost)  
  16  0:49  Assimilator  
  17  0:52  Probe  
  18  1:04  Probe  
  19  1:16  Probe  
  20  1:25  Nexus  
  20  1:36  Cybernetics Core  
  20  1:40  Probe  
  20  1:45  Assimilator  
  21  1:52  Probe  
  22  1:55  Pylon  
  22  2:04  Probe  
  23  2:11  Adept (Chrono Boost)  
  25  2:16  Probe  
  25  2:18  Stargate  
  26  2:28  Warp Gate  
  26  2:29  Probe (Chrono Boost)  
  27  2:31  Adept (Chrono Boost)  
  29  2:37  Probe (Chrono Boost)  
  31  2:46  Probe x2 (Chrono Boost)  
  32  2:52  Probe x2 (Chrono Boost)  
  32  2:53  Adept  
  36  3:02  Oracle (Chrono Boost)  
  36  3:03  Probe  
  36  3:04  Probe  
  41  3:12  Pylon  
  41  3:16  Probe  
  42  3:20  Probe  
  41  3:27  Gateway  
  41  3:28  Probe  
  41  3:32  Oracle (Chrono Boost), Probe  
  47  3:44  Probe  
  47  3:45  Probe  
  47  3:48  Nexus  
  48  3:52  Pylon  
  48  3:56  Probe  
  48  3:57  Probe  
  50  4:02  Oracle (Chrono Boost)  
  50  4:09  Probe  
  52  4:11  Probe  
  52  4:13  Assimilator  
  52  4:14  Assimilator  
  53  4:18  Pylon  
  53  4:21  Stalker  
  53  4:22  Probe  
  53  4:23  Probe, Adept  
  59  4:34  Probe  
  59  4:35  Probe  
  61  4:44  Twilight Council  
  58  4:46  Probe  
  58  4:47  Probe, Forge  
  60  4:55  Gateway  
  60  4:56  Gateway, Shield Battery  
  60  4:58  Probe  
  60  4:59  Stalker  
  63  5:00  Probe x2  
  65  5:08  Stalker  
  65  5:10  Shield Battery, Probe  
  65  5:13  Probe  
  69  5:16  Blink (Chrono Boost)  
  69  5:17  Probe  
  69  5:20  Dark Shrine  
  70  5:27  Pylon  
  70  5:29  Probe  
  70  5:30  Shield Battery  
  70  5:31  Stalker  
  70  5:34  Probe  
  74  5:36  Pylon  
  74  5:40  Stalker  
  76  5:44  Pylon  
  76  5:45  Probe  
  72  6:03  Stalker  
  72  6:04  Stalker x3  
  67  6:14  Protoss Ground Weapons Level 1 (Chrono Boost)  
  66  6:19  Pylon  
  66  6:23  Probe x2  
  68  6:27  Gateway  
  68  6:29  Gateway  
  68  6:33  Dark Templar x2  
  68  6:34  Dark Templar  
  68  6:36  Stalker  
  76  6:46  Probe  
  76  6:47  Probe  
  78  6:51  Nexus  
  78  6:57  Pylon  
  78  6:58  Probe  
  78  6:59  Probe  
  80  7:02  Stalker  
  82  7:10  Probe  
  82  7:11  Probe  
  82  7:23  Probe  
  82  7:24  Stalker x6, Probe  
  94  7:30  Robotics Facility  
  94  7:36  Archon  
  94  7:42  Pylon  
  94  7:48  Pylon  
  94  8:00  Probe x2  
  94  8:01  Stalker, Charge (Chrono Boost)  
  94  8:03  Stalker x5  
  108  8:07  Probe  
  109  8:18  Protoss Ground Weapons Level 2 (Chrono Boost), Probe  
  109  8:19  Observer (Chrono Boost)  
  112  8:20  Probe  
  112  8:21  Photon Cannon  
  112  8:31  Stalker x3  
  118  8:35  Zealot x3  
  124  8:54  Forge  
  124  9:02  Nexus, Shield Battery, Pylon  
  124  9:13  Pylon  
  124  9:14  Probe  
  124  9:16  Pylon  
  123  9:22  Stalker x5  
  133  9:27  Gateway  
  133  9:31  Gateway  
  133  9:33  Zealot  
  129  9:41  Probe  
  122  9:46  Probe x2  
  122  9:47  Photon Cannon  
  122  9:50  Stalker x5  
  132  9:56  Warp Prism, Probe  
  135  10:01  Photon Cannon  
  135  10:05  Photon Cannon  
  135  10:09  Zealot  
  134  10:14  Zealot x3  
  136  10:24  Stalker x3  
  142  10:35  Stalker x4  
  143  10:52  Zealot x4  
Show
View Real Time Build Order
Export as new Build Order

Wayne Zerg 

Build Orders: Hatch First 

Get SALT Encoding   

  12  0:00  Drone  
  13  0:12  Overlord  
  13  0:17  Drone  
  14  0:30  Drone x2  
  16  0:39  Drone  
  17  0:50  Hatchery  
  17  0:53  Drone  
  17  0:56  Drone  
  18  1:07  Extractor  
  17  1:12  Spawning Pool  
  17  1:14  Drone  
  17  1:18  Drone  
  18  1:28  Drone  
  19  1:38  Drone  
  20  1:50  Overlord  
  20  1:59  Queen  
  22  2:02  Queen  
  22  2:03  Zergling x4  
  26  2:10  Drone  
  26  2:12  Metabolic Boost  
  26  2:13  Drone  
  28  2:22  Drone  
  29  2:24  Drone  
  30  2:35  Hatchery  
  29  2:39  Drone  
  29  2:44  Queen  
  30  2:48  Overlord  
  32  2:52  Zergling x2  
  32  2:54  Zergling x2  
  32  2:56  Drone  
  35  3:00  Zergling x2  
  36  3:09  Drone x3  
  36  3:11  Queen  
  41  3:15  Zergling x2  
  41  3:19  Overlord  
  40  3:22  Drone x2  
  41  3:30  Drone x2  
  43  3:37  Queen  
  45  3:42  Drone x4  
  45  3:47  Spore Crawler  
  47  3:53  Drone x3  
  47  3:54  Drone  
  47  3:55  Drone  
  51  4:06  Drone  
  51  4:09  Drone x2, Roach Warren  
  51  4:20  Extractor, Drone x2  
  51  4:21  Drone, Spore Crawler  
  51  4:22  Spore Crawler  
  51  4:23  Drone  
  51  4:24  Drone x2  
  54  4:28  Overlord  
  54  4:29  Overlord  
  54  4:35  Extractor  
  54  4:38  Overlord  
  51  4:43  Overlord  
  51  4:52  Roach x6  
  63  4:54  Roach  
  65  5:00  Roach  
  65  5:01  Roach  
  65  5:03  Zergling x6  
  65  5:06  Zergling x2  
  73  5:08  Roach  
  75  5:14  Zergling x8  
  75  5:17  Zergling x2  
  75  5:18  Zergling x2  
  75  5:20  Ravager x2  
  83  5:22  Ravager  
  83  5:25  Overlord  
  82  5:29  Zergling x6  
  83  5:36  Zergling x6  
  83  5:42  Ravager  
  83  5:43  Ravager  
  83  5:45  Zergling x8  
  83  5:48  Drone  
  86  5:59  Drone  
  86  6:00  Drone x5  
  86  6:01  Drone  
  89  6:05  Drone  
  89  6:06  Drone  
  89  6:13  Drone  
  89  6:18  Evolution Chamber  
  89  6:24  Drone  
  90  6:28  Lair  
  88  6:35  Drone x2  
  88  6:38  Overlord x3  
  89  6:44  Hatchery  
  89  6:46  Overlord  
  88  6:53  Zerg Melee Weapons Level 1  
  88  6:56  Spore Crawler  
  88  6:57  Overlord  
  88  6:59  Drone x5  
  90  7:12  Drone  
  89  7:16  Zergling x2  
  89  7:17  Zergling x6  
  90  7:24  Drone x2  
  90  7:27  Overseer  
  90  7:28  Glial Reconstitution  
  92  7:31  Extractor, Spire  
  92  7:32  Extractor  
  92  7:36  Extractor  
  92  7:37  Drone x4  
  92  7:47  Roach x2  
  92  7:49  Drone  
  97  7:56  Drone  
  97  7:57  Drone x2  
  99  8:03  Overlord  
  99  8:06  Drone x6  
  99  8:10  Overlord  
  105  8:16  Overlord  
  105  8:18  Zergling x2  
  105  8:19  Zergling x6  
  106  8:22  Zergling x6  
  109  8:30  Zergling x12  
  109  8:31  Zergling x4  
  117  8:40  Overlord  
  117  8:41  Overlord x2  
  114  8:42  Overlord  
  114  8:43  Roach x3  
  116  8:52  Overlord  
  115  8:56  Zerg Flyer Weapons Level 1  
  115  8:58  Roach  
  115  8:59  Zergling x6, Roach  
  115  9:01  Roach x8  
  138  9:07  Roach  
  134  9:16  Roach x6  
  140  9:25  Drone  
  140  9:30  Overlord  
  140  9:32  Mutalisk x7  
  146  9:40  Overlord  
  146  9:45  Mutalisk x4  
  136  9:48  Zergling x2  
  136  9:49  Zergling x6  
  142  9:55  Zergling x10  
  143  10:02  Zergling x2  
  143  10:03  Zergling x10  
  143  10:11  Mutalisk  
  143  10:12  Mutalisk x2  
  144  10:18  Roach  
  144  10:19  Roach  
  133  10:22  Roach x4  
  138  10:28  Zergling x10  
  134  10:42  Zergling x10  
  121  10:50  Hatchery  
Tags
 
Add a new tag
Caveats
  • Supply blocks, unpowered buildings, or Contaminate may cause inaccurate times.
  • Supply counts are checked every 10 seconds.